 Dungeon Crawl Stone Soup version 0.28-a0-948-gee6e0bcda6 (webtiles) character file.

Game seed: 706317602364065694

58 Glundar the Skirmisher (level 4, -5/29 HPs)
             Began as a Gargoyle Fighter on Nov 30, 2021.
             Slain by Terence (7 damage)
             ... on level 2 of the Dungeon.
             The game lasted 00:04:13 (1711 turns).

Glundar the Skirmisher (Gargoyle Fighter)           Turns: 1711, Time: 00:04:14

Health: -5/29      AC: 10    Str: 20    XL:     4   Next: 1%
Magic:  4/4        EV:  9    Int:  9    God:
Gold:   10         SH:  4    Dex:  9    Spells: 3/3 levels left

rFire   . . .      SeeInvis .   a - +0 war axe
rCold   . . .      Faith    .   c - +0 buckler
rNeg    + . .      Spirit   .   e - +0 scale mail
rPois   ∞          Reflect  .   (no helmet)
rElec   +          Harm     .   (no cloak)
rCorr   .          Rampage  .   (no gloves)
Will    .....                   (no boots)
Stlth   ..........              (no amulet)
HPRegen 0.09/turn               (no ring)
MPRegen 0.09/turn               (no ring)

@: no status effects
A: sickness immunity, AC +3, negative energy resistance 1, electricity
resistance, torment resistance 1, petrification resistance
a: no special abilities


You were on level 2 of the Dungeon.
You visited 1 branch of the dungeon, and saw 3 of its levels.

You collected 10 gold pieces.

Inventory:

Hand Weapons
 a - a +0 war axe (weapon)
 b - a +0 hunting sling
Missiles
 i - 59 stones (quivered)
 k - 23 sling bullets
Armour
 c - a +0 buckler (worn)
 e - a +0 scale mail (worn)
Scrolls
 f - a scroll of acquirement {unknown}
 j - 2 scrolls of identify {unknown}
Potions
 d - a potion of might
 g - a potion of resistance {unknown}
 h - a potion of curing {unknown}


   Skills:
 + Level 4.1 Fighting
 + Level 2.5 Axes
 + Level 3.4 Armour
 + Level 0.2 Dodging
 + Level 0.2 Stealth
 + Level 3.7 Shields


You had 3 spell levels left.
You didn't know any spells.
Your spell library contained the following spells:

 Spells                   Type           Power      Damage    Failure   Level
 Slow                     Hex            0%         N/A       75%         1
 Confusing Touch          Hex            0%         N/A       98%         3
 Yara's Violent Unravell  Hex/Tmut       0%         3d3       100%        5


Dungeon Overview and Level Annotations

Branches:
Dungeon (3/15)

Altars:

Annotations:
D:2 Terence
D:3 Grinder


Innate Abilities, Weirdness & Mutations

You are immune to sickness and miasma.
Your stone body is resilient. (AC +3)
You are immune to poison.
You resist negative energy. (rN+)
You are resistant to electric shocks. (rElec)
You are resistant to unholy torment.
You are immune to petrification.


Message History

The quokka bites you.
You barely miss the quokka.
The quokka bites you but does no damage.
You miss the quokka. The quokka bites you.
The quokka bites you but does no damage.
You hit the quokka.
The quokka is lightly wounded.
The quokka bites you but does no damage. x2
You miss the quokka.
The quokka is lightly wounded.
The quokka bites you but does no damage.
You closely miss the quokka.
The quokka is lightly wounded.
The quokka bites you but does no damage.
The quokka closely misses you.
You hit the quokka.
You kill the quokka!
You have reached level 4!
You feel clever.
You start resting.
HP restored.
You pick up a book of Misfortune and begin reading...
You add the spells Slow, Confusing Touch and Yara's Violent Unravelling to your library.
j - 2 scrolls labelled EBLI NOABAUTO (gained 1)
You open the door.
Terence the Incautious comes into view.
He is wielding a +0 flail.
Terence shouts!
Terence shouts, "ATTACK!!!"
Terence drinks a potion.
Terence flickers and vanishes!
Deactivating autopickup; reactivate with Ctrl-A.
Something hits you but does no damage.
You hit something but do no damage. Something hits you. x2
You barely miss something. Something hits you.
You hit something. Something hits you.
You barely miss something. Something hits you. x2
* * * LOW HITPOINT WARNING * * *
You closely miss something. Something hits you.
* * * LOW HITPOINT WARNING * * *
You completely miss something. Something hits you!
You die...

.# ###..##
.########...####.........#
.............. +.........+
.########...### .........#
.....####..## ......@#
.###........# .....# .#
#.###....# ...# .#
#.##.....# ######'##
####.##.....# #.@{....#
............# #.####..#
#######.##### #.#
##..###### #
#.#######.###........# #
#................###.# #
#########.#.#...##
#.#.##..# #.#.##..#
#.........


There were no monsters in sight!

Vanquished Creatures
  A gnoll (D:1)
  2 worms (D:2)
  A dart slug (D:2)
  4 ball pythons
  5 bats
  An endoplasm (D:1)
  3 giant cockroaches
  3 goblins (D:1)
  3 hobgoblins
  3 quokkas
  2 frilled lizards
  3 kobolds
  9 rats
40 creatures vanquished.

Notes
Turn   | Place    | Note
-------+----------+-------------------------------------------
     0 | D:1      | Glundar the Gargoyle Fighter began the quest for the Orb.
     0 | D:1      | Reached XP level 1. HP: 14/14 MP: 1/1
   432 | D:1      | Reached XP level 2. HP: 20/20 MP: 2/2
   746 | D:1      | Found a faded altar of an unknown god.
   950 | D:1      | Reached XP level 3. HP: 24/24 MP: 3/3
   987 | D:1      | Reached skill level 4 in Fighting
  1256 | D:3      | Noticed Grinder
  1519 | D:2      | Reached XP level 4. HP: 22/29 MP: 4/4
  1694 | D:2      | Noticed Terence
  1711 | D:2      | Slain by Terence

Illustrated notes

Levels and vault maps discovered:
D:1:      lemuel_arrival_room, layout_basic, shapermc_ecumenical_altar_pompeii,
          moated_statue, chequers_arboretum
D:2:      layout_loops_corners, basic_altar, minmay_pentomino_w4, uniq_jessica,
          uniq_terence
D:3:      layout_loops_ring, uniq_grinder

Skill      XL: |  1  2  3 |
---------------+----------+-----
Axes           | 2 |  2.5
Fighting       | 4 |  4.1
Armour         | |  3.4
Dodging        | |  0.2
Stealth        | |  0.2
Shields        | |  3.7

Action                   |  1- 3 |  4- 6 || total
-------------------------+-------+-------++-------
Melee: War axe           |   130 |     6 ||   136
Armor: Scale mail        |    82 |     1 ||    83
Dodge: Dodged            |    65 |       ||    65
Block: Buckler           |    29 |       ||    29

Table legend: (Time is in decaauts)
 A = Elapsed time spent in this place.
 B = Non-inter-level travel time spent in this place.
 C = Inter-level travel time spent in this place.
 D = Time resting spent in this place.
 E = Time spent auto-exploring this place.
 F = Levels seen in this place.
 G = Mean time per level.
                   A        B        C        D        E       F      G
               +--------+--------+--------+--------+--------+-----+--------+
         Total |   1771 |   1726 |     45 |    391 |    875 |   3 |  590.3 |
       Dungeon |   1771 |   1726 |     45 |    391 |    875 |   3 |  590.3 |
               +--------+--------+--------+--------+--------+-----+--------+

Top non-repeatable levels by time:
     D:1: 1181 daAuts
     D:2: 585 daAuts
     D:3: 4 daAuts
